 Dungeon Crawl Stone Soup version 0.30-a0-964-gd452b5e7fa (webtiles) character file.

Game seed: 16046055028120270495

82 vishdafish the Conjurer (level 4, 30/30 HPs)
             Began as a Demonspawn Conjurer on Mar 30, 2023.
             Quit the game on level 2 of the Dungeon.
             The game lasted 00:01:10 (1653 turns).

vishdafish the Conjurer (Demonspawn Conjurer)       Turns: 1653, Time: 00:01:11

Health: 30/30      AC:  4    Str:  8    XL:     4   Next: 21%
Magic:  1/8        EV: 12    Int: 21    God:
Gold:   86         SH:  0    Dex: 11    Spells: 8/9 levels left

rFire   . . .      SeeInvis .    j - +3 short sword
rCold   . . .      Faith    .    (no shield)
rNeg    . . .      Spirit   .    a - +0 robe
rPois   .          Reflect  .    (no helmet)
rElec   .          Rampage  .    (no cloak)
rCorr   .                        (no gloves)
Will    .....                    (no boots)
Stlth   ++                       (no amulet)
HPRegen 0.25/turn                (no ring)
MPRegen 0.11/turn                (no ring)

@: no status effects
A: powered by pain 1, sharp scales 2
a: no special abilities


You were on level 2 of the Dungeon.
You visited 1 branch of the dungeon, and saw 2 of its levels.

You collected 86 gold pieces.

Inventory:

Hand Weapons
 j - a +3 short sword (weapon)
Armour
 a - a +0 robe (worn)
Jewellery
 e - a ring of ice
Scrolls
 d - a scroll of vulnerability {unknown}
 g - 2 scrolls of teleportation {unknown}
 h - 2 scrolls of identify {unknown}
Potions
 b - 2 potions of magic
 c - 2 potions of mutation {unknown}
 f - a potion of cancellation {unknown}
 i - a potion of might {unknown}
 k - a potion of flight {unknown}


   Skills:
 - Level 1.7 Dodging
 - Level 1.7 Stealth
 + Level 3.2 Spellcasting
 + Level 4.9 Conjurations


You had 8 spell levels left.
You knew the following spells:

 Your Spells              Type           Power      Damage    Failure   Level
a - Magic Dart            Conj           96%        1d7       1%          1

Your spell library contained the following spells:

 Spells                   Type           Power      Damage    Failure   Level
 Searing Ray              Conj           48%        2d6       2%          2
 Dazzling Flash           Conj/Hex       26%        N/A       14%         3
 Fulminant Prism          Conj/Hex       6%         3d7       43%         4
 Iskenderun's Mystic Bla  Conj/Tloc      13%        2d5       43%         4


Dungeon Overview and Level Annotations

Branches:
Dungeon (2/15)

Altars:


Innate Abilities, Weirdness & Mutations

You sometimes gain a little power by taking damage.
You are mostly covered in razor-sharp scales. (AC +2, Slay +2)


Message History

HP restored.
You feel yourself speed up.
You see here the felid corpse of Natasha.
Terence the Incautious comes into view.
He is wielding a +0 short sword.
Terence is nearby!
Terence is nearby!
The magic dart hits Terence but does no damage.
Terence shouts!
The magic dart hits Terence.
Terence is lightly wounded.
The magic dart hits Terence.
Terence is heavily wounded.
The magic dart hits Terence.
Terence is heavily wounded.
The magic dart hits Terence.
Terence is severely wounded.
Terence says, "How do you enjoy it?"
The magic dart hits Terence but does no damage.
Terence is severely wounded.
The magic dart hits Terence.
Terence is severely wounded.
Terence hits you with a +0 short sword.
You are out of magic!
You are out of magic!
You are out of magic!
You hit Terence.
Terence is almost dead.
Terence closely misses you.
You closely miss Terence.
Terence is almost dead.
Terence misses you.
You barely miss Terence.
Terence is almost dead.
Terence barely misses you.
You hit Terence.
You kill Terence!
You have reached level 4!
You feel stronger.
Your demonic ancestry asserts itself...
You feel energised by your suffering.
Are you sure you want to abandon this character and quit the game? (Confirm with "yes".)

#.# #.# #.# #.# #.# #.#
##.#####.# #......†.#
#.#####..# #.# #..#
..#############.# #..#
......)@....†.#.# #..#
..###########.#.#####.##
#...........
############


There were no monsters in sight!

Vanquished Creatures
  Terence (D:2)
  Natasha (D:2)
  2 dart slugs (D:1)
  An endoplasm (D:1)
  A giant cockroach (D:1)
  2 goblins (D:1)
  3 hobgoblins
  3 kobolds
  5 ball pythons
  5 bats (D:1)
  3 frilled lizards (D:1)
  5 rats
32 creatures vanquished.

Notes
Turn   | Place    | Note
-------+----------+-------------------------------------------
     0 | D:1      | vishdafish the Demonspawn Conjurer began the quest for the
                  | Orb.
     0 | D:1      | Reached XP level 1. HP: 13/13 MP: 3/3
   287 | D:1      | Gained mutation: You are partially covered in razor-sharp
                  | scales. (AC +1, Slay +1) [demonic ancestry]
   287 | D:1      | Reached XP level 2. HP: 11/19 MP: 0/5
  1406 | D:2      | Gained mutation: You are mostly covered in razor-sharp
                  | scales. (AC +2, Slay +2) [demonic ancestry]
  1406 | D:2      | Reached XP level 3. HP: 24/24 MP: 4/7
  1598 | D:2      | Noticed Natasha
  1603 | D:2      | Killed Natasha
  1641 | D:2      | Noticed Terence
  1652 | D:2      | Killed Terence
  1653 | D:2      | Gained mutation: You sometimes gain a little power by
                  | taking damage. [demonic ancestry]
  1653 | D:2      | Reached XP level 4. HP: 30/30 MP: 1/8
  1653 | D:2      | Quit the game

Illustrated notes

Levels and vault maps discovered:
D:1:      sevenhm_arrival_forest_fort_small_4, layout_basic,
          serial_bayou_ford_a, nrook_mini_backslash, minmay_heptomino_d4
D:2:      layout_loops_ring, uniq_terence, uniq_robin, uniq_natasha

Skill      XL: |  1  2  3 |
---------------+----------+-----
Spellcasting   | 3 |  3.2
Dodging        | |  1.7
Stealth        | |  1.7
Conjurations   | |  4.9

Action                     |  1- 3 |  4- 6 || total
---------------------------+-------+-------++-------
  Melee: Unarmed           |    18 |       ||    18
         Short sword       |     4 |       ||     4
   Cast: Magic Dart        |    64 |       ||    64
 Armour: Robe              |    10 |       ||    10
  Dodge: Dodged            |    16 |       ||    16

Table legend: (Time is in decaauts)
 A = Elapsed time spent in this place.
 B = Non-inter-level travel time spent in this place.
 C = Inter-level travel time spent in this place.
 D = Time resting spent in this place.
 E = Time spent auto-exploring this place.
 F = Levels seen in this place.
 G = Mean time per level.
                   A        B        C        D        E       F      G
               +--------+--------+--------+--------+--------+-----+--------+
         Total |   1681 |   1656 |     25 |      0 |   1514 |   2 |  840.5 |
       Dungeon |   1681 |   1656 |     25 |      0 |   1514 |   2 |  840.5 |
               +--------+--------+--------+--------+--------+-----+--------+

Top non-repeatable levels by time:
     D:1: 1391 daAuts
     D:2: 290 daAuts
